 Dungeon Crawl Stone Soup version 0.31-a0-851-g7ff8af7976 (webtiles) character file.

Game seed: 1900821539267080567

8 Kurtz the Sneak (level 2, 0/24 HPs)
             Began as a Mummy Delver on Oct 6, 2023.
             Was an Initiate of Okawaru.
             Slain by an orc
             ... wielding a +0 scimitar
              (9 damage)
             ... on level 5 of the Dungeon.
             The game lasted 00:00:30 (175 turns).

Kurtz the Sneak (Mummy Delver)                       Turns: 175, Time: 00:00:30

Health: 0/24       AC:  8    Str: 15    XL:     2   Next: 0%
Magic:  2/2        EV:  7    Int:  9    God:    Okawaru [......]
Gold:   0          SH:  0    Dex: 13    Spells: 1/1 levels left

rFire   x . .        a - +0 hand axe
rCold   + . .        (no shield)
rNeg    + + +        h - +0 chain mail
rPois   ∞            (no helmet)
rElec   .            (no cloak)
rCorr   .            (no gloves)
SInv    .            (no boots)
Will    .....        (no amulet) Stlth
                     (no ring)
HPRegen 0.24/turn    (no ring)
MPRegen 0.08/turn

%: faith
@: no status effects
A: cold resistance 1, negative energy resistance 3, torment resistance 2, heat
vulnerability 1, in touch with death 1, no potions, faith
a: Renounce Religion


You were on level 5 of the Dungeon.
You worshipped Okawaru.
Okawaru was noncommittal.
You visited 1 branch of the dungeon, and saw 2 of its levels.

Inventory:

Hand Weapons
 a - a +0 hand axe (weapon)
Missiles
 g - 3 boomerangs
Armour
 b - a +0 leather armour
 h - a +0 chain mail (worn)
Wands
 f - a wand of digging (3)
Scrolls
 c - a scroll of fog
 d - a scroll of revelation
 e - a scroll of fear


   Skills:
 - Level 3.0 Fighting
 * Level 1.9 Axes
 - Level 1.5 Dodging
 - Level 4.1 Stealth
 * Level 1.0 Invocations


You had one spell level left.
You didn't know any spells.
Your spell library was empty.

Dungeon Overview and Level Annotations

Branches:
Dungeon (6/15)
 Temple: D:4-7

Altars:
Okawaru


Innate Abilities, Weirdness & Mutations

You are immune to poison.
Your flesh is cold resistant. (rC+)
You are immune to negative energy. (rN+++)
You are immune to unholy pain and torment.
You are vulnerable to heat. (rF-)
You are in touch with the powers of death.
You do not drink.
You have a special connection with the divine. (Faith)


Message History

There is a stone staircase leading up here.
You climb upwards.
The orc shouts! x2
There is a stone staircase leading down here.
An orc comes into view. It is wielding a +0 scimitar.
The orc shouts!
You hit the orc.
The orc is moderately wounded.
The orc closely misses you.
You hit the orc.
The orc is severely wounded.
You hit the orc but do no damage. The orc hits you but does no damage. x2
The orc hits you with a +0 dagger. The orc hits you but does no damage.
An orc comes into view.
It is wielding a +0 dagger and wearing a +2 scale mail of poison resistance.
You barely miss the orc.
The orc is severely wounded.
The orc shouts!
You hit the orc but do no damage. The orc barely misses you. x2
There is a stone staircase leading down here.
The orc throws a stone.
The stone hits you but does no damage. The orc attacks as it pursues you!
The orc barely misses you. The orc attacks as it pursues you!
The orc hits you but does no damage.
You barely miss the orc.
The orc is severely wounded.
The orc barely misses you.
You hit the orc.
You kill the orc!
Okawaru accepts your kill.
Your Invocations skill increases to level 1!
You have reached level 2!
You barely miss the orc. The orc hits you with a +0 scimitar.
You hit the orc but do no damage. The orc hits you with a +0 scimitar!
The orc hits you with a +0 scimitar.
You are too injured to fight recklessly!
Unknown command.
You barely miss the orc. The orc hits you but does no damage.
You are too injured to fight recklessly!
You are too injured to fight recklessly!
You hit the orc but do no damage. The orc hits you with a +0 scimitar!
You die...

.... #..#
#..# #.o#
#.># #..#
#..#
#.o####.##..
#.oo@.......
##.###...#.#
#.. .....
### ..## .#
#


You could see 3 orcs.

Vanquished Creatures
  4 orcs
4 creatures vanquished.

Notes
Turn   | Place    | Note
-------+----------+-------------------------------------------
     0 | D:5      | Kurtz the Mummy Delver began the quest for the Orb.
     0 | D:5      | Reached XP level 1. HP: 18/18 MP: 1/1
    39 | D:6      | Found an iron altar of Okawaru.
    50 | D:6      | Became a worshipper of Warmaster Okawaru
   172 | D:5      | Reached skill level 1 in Invocations
   172 | D:5      | Reached XP level 2. HP: 24/24 MP: 2/2
   175 | D:5      | Slain by an orc

Illustrated notes

Levels and vault maps discovered:
D:5:      layout_loops_ring, nicolae_overflow_hidden_temple,
          grunt_decor_resistance, dreamdust_wishing_well, feat_on_display
D:6:      layout_rooms, grunt_temple_overflow_champion_of_chaos,
          lemuel_doored_altar, minmay_temple_entry_arrows, uniq_edmund

Skill      XL: |  1 |
---------------+----+-----
Invocations    | 1 |  1.0
Fighting       | |  3.0
Axes           | |  1.9
Dodging        | |  1.5
Stealth        | |  4.1

Action                     || total
---------------------------++-------
  Melee: Hand axe          ||    19
 Armour: Chain mail        ||    11
         Leather armour    ||     4
  Dodge: Dodged            ||     9

Table legend: (Time is in decaauts)
 A = Elapsed time spent in this place.
 B = Non-inter-level travel time spent in this place.
 C = Inter-level travel time spent in this place.
 D = Time resting spent in this place.
 E = Time spent auto-exploring this place.
 F = Levels seen in this place.
 G = Mean time per level.
                   A        B        C        D        E       F      G
               +--------+--------+--------+--------+--------+-----+--------+
         Total |    178 |    167 |     11 |     58 |     34 |   2 |   89.0 |
       Dungeon |    178 |    167 |     11 |     58 |     34 |   2 |   89.0 |
               +--------+--------+--------+--------+--------+-----+--------+

Top non-repeatable levels by time:
     D:6: 140 daAuts
     D:5: 38 daAuts
